Map: Lightshade LE

Players

Massa - Winner!

  • Race: Terran Terran
  • League: Platinum
  • Spawn Location: 11:00

pit

  • Race: Terran Terran
  • League: Platinum
  • Spawn Location: 5:00

VOD

Have the link to the VOD?

Description

Time

  • Played on: Oct. 22, 2020, 2:32 p.m.
  • Length: 13:28
Show
View Real Time Build Order
Export as new Build Order

Massa Terran - Winner!

Build Orders: Reaper Expand 

Get SALT Encoding   

  12  0:00  SCV  
  13  0:12  SCV  
  14  0:21  Supply Depot  
  14  0:24  SCV  
  15  0:42  SCV  
  16  0:45  Barracks  
  16  0:50  Refinery  
  16  0:53  Refinery  
  16  0:54  SCV  
  17  1:06  SCV  
  18  1:18  SCV  
  19  1:33  Supply Depot  
  19  1:39  Reaper  
  20  1:49  Orbital Command  
  20  2:01  Command Center  
  20  2:11  Marine  
  21  2:20  Supply Depot  
  21  2:24  SCV  
  22  2:31  Barracks Reactor  
  22  2:36  SCV  
  23  2:43  Factory  
  23  2:46  Supply Depot  
  23  2:53  SCV  
  24  3:00  Engineering Bay  
  24  3:05  SCV  
  25  3:07  Marine x2  
  27  3:14  Orbital Command  
  27  3:17  SCV  
  28  3:25  Marine x2  
  30  3:27  Starport  
  30  3:32  Terran Infantry Weapons Level 1  
  30  3:34  Factory Tech Lab  
  30  3:51  Marine x2  
  30  3:53  Siege Tank  
  30  3:55  SCV x2  
  37  4:02  Missile Turret  
  37  4:05  Medivac  
  37  4:09  Marine x2  
  41  4:10  Barracks  
  41  4:25  Siege Tank  
  41  4:26  SCV x2  
  41  4:27  Marine x2  
  48  4:32  Missile Turret  
  48  4:38  SCV x2  
  48  4:45  Marine x2  
  52  4:50  SCV  
  53  4:55  Supply Depot  
  53  4:56  Supply Depot  
  53  4:57  Refinery  
  53  5:01  Supply Depot  
  53  5:02  Marine  
  53  5:06  Barracks Tech Lab  
  54  5:17  Widow Mine, Liberator, Marine  
  54  5:20  Marine  
  61  5:34  Stimpack  
  61  5:38  SCV x2  
  61  5:39  Command Center  
  63  5:50  SCV  
  63  5:51  SCV  
  65  6:03  SCV  
  66  6:27  Terran Infantry Armor Level 1  
  66  6:31  Marauder, Marine x2  
  66  6:32  Armory  
  70  6:38  Refinery  
  70  6:42  Siege Tank  
  73  6:49  Marine x2  
  73  6:53  Marauder  
  77  7:13  Concussive Shells  
  77  7:14  Marauder  
  69  7:25  Liberator  
  69  7:35  Marauder, Marine x2  
  73  7:44  Barracks  
  73  7:45  Barracks  
  73  7:46  Barracks  
  73  7:49  Siege Tank  
  76  7:53  Marine x2  
  76  7:57  SCV x2, Marauder  
  82  8:09  SCV x2, Medivac  
  86  8:18  Marauder  
  88  8:21  SCV x2  
  90  8:33  SCV x2  
  92  8:40  Combat Shield  
  92  8:41  Barracks Tech Lab  
  92  8:42  Barracks Reactor x2  
  92  8:45  SCV  
  93  8:49  Supply Depot x2  
  93  8:51  Supply Depot  
  93  8:54  Supply Depot  
  92  8:59  Orbital Command, Marauder, Viking  
  93  9:10  SCV x2  
  95  9:17  Supply Depot  
  95  9:18  Supply Depot  
  95  9:19  Supply Depot x2  
  95  9:22  SCV x2  
  97  9:29  Siege Tank  
  97  9:30  Marauder x2, Marine x6  
  112  9:33  Starport Reactor  
  112  9:34  Terran Infantry Weapons Level 2  
  112  9:36  Terran Vehicle Weapons Level 1  
  110  9:40  Engineering Bay  
  110  9:43  Supply Depot  
  110  9:48  Supply Depot  
  110  9:49  Missile Turret  
  110  9:50  Refinery, SCV x3  
  110  9:51  Marauder x2  
  117  10:02  SCV x3  
  120  10:08  Armory  
  120  10:10  Missile Turret  
  116  10:17  Viking x2  
  116  10:33  Missile Turret  
  109  10:47  Viking x2  
  113  10:53  Missile Turret  
  113  11:00  Marauder  
  113  11:01  Marauder, Marine x3  
  113  11:02  Marine x3  
  123  11:04  Command Center  
  121  11:17  Viking x2  
  125  11:19  Marine x6  
  125  11:22  Marauder x2  
  135  11:27  Siege Tank  
  138  11:37  Marine x4  
  142  11:41  SCV x3  
  142  11:43  Marauder  
  142  11:44  Marauder  
  142  11:45  Refinery  
  142  11:46  Medivac  
  151  11:47  Medivac  
  151  11:53  SCV x3  
  156  11:59  Siege Tank  
  156  12:00  Command Center  
  159  12:05  SCV, Marauder x2  
  164  12:26  Marauder  
  164  12:27  Marauder  
  168  12:31  Siege Tank  
  165  12:55  Marauder x2, Marine x3  
  165  12:56  Marine x3  
Show
View Real Time Build Order
Export as new Build Order

pit Terran 

Build Orders: Gas First Reaper Expand 

Get SALT Encoding   

  12  0:01  SCV  
  13  0:17  Supply Depot  
  13  0:18  SCV  
  14  0:28  Refinery  
  14  0:30  SCV  
  16  0:42  SCV  
  16  0:51  Barracks  
  16  0:55  SCV  
  17  1:21  SCV  
  18  1:42  Command Center  
  18  1:48  Marine  
  18  1:50  Supply Depot  
  19  2:07  Reaper  
  20  2:09  Orbital Command  
  19  2:30  Factory  
  19  2:46  Barracks Reactor, SCV  
  19  2:50  Barracks  
  21  2:58  SCV  
  21  3:06  Orbital Command  
  21  3:10  SCV  
  22  3:15  Starport  
  22  3:17  Factory Tech Lab  
  22  3:22  Marine x2  
  22  3:25  SCV  
  25  3:32  SCV  
  26  3:37  SCV  
  27  3:45  Reaper  
  27  3:46  Barracks Tech Lab  
  28  3:49  SCV, Barracks  
  28  3:54  Refinery  
  28  3:55  Starport Reactor  
  29  4:00  SCV  
  29  4:01  Refinery, SCV  
  31  4:08  Marine  
  31  4:09  Marine  
  33  4:17  Marine  
  33  4:20  SCV  
  35  4:26  SCV, Marine  
  35  4:27  Marine  
  38  4:33  SCV, Medivac  
  38  4:35  Marine, Medivac  
  44  4:38  Marine  
  44  4:41  Supply Depot  
  44  4:42  SCV  
  46  4:50  Supply Depot  
  46  4:51  Stimpack  
  46  4:58  Engineering Bay  
  46  5:02  Marine x2  
  46  5:03  SCV  
  46  5:07  Viking  
  51  5:15  Marine  
  51  5:16  Marine  
  51  5:20  Marine  
  54  5:23  Supply Depot  
  54  5:25  Missile Turret  
  54  5:28  SCV  
  54  5:29  SCV  
  54  5:30  Missile Turret  
  54  5:31  Cyclone  
  55  6:10  Supply Depot x2  
  55  6:14  Supply Depot  
  52  6:29  Siege Tank  
  54  6:33  Supply Depot  
  54  6:36  Marine  
  54  6:37  Marine x3  
  54  6:38  Factory, Combat Shield  
  54  6:39  Supply Depot  
  58  6:46  Orbital Command  
  58  6:50  Barracks  
  58  6:54  Supply Depot  
  57  7:14  Marine x2  
  44  7:32  Marine x2  
  46  7:42  SCV  
  47  7:46  Siege Tank  
  47  7:48  Orbital Command  
  47  7:50  Factory Tech Lab  
  50  7:56  SCV  
  51  8:02  Supply Depot x2  
  51  8:03  Missile Turret  
  51  8:07  Missile Turret  
  51  8:08  SCV  
  52  8:20  SCV x2  
  52  8:26  Liberator  
  54  8:27  Liberator  
  54  8:32  SCV x2  
  62  8:39  Barracks Reactor  
  62  8:42  Supply Depot  
  62  8:44  Refinery, SCV x2  
  64  8:56  SCV x2  
  66  9:08  Missile Turret  
  66  9:10  Supply Depot  
  66  9:12  Barracks Reactor  
  66  9:13  Barracks Tech Lab  
  66  9:14  Concussive Shells  
  66  9:15  Marauder  
  66  9:16  Marine x2  
  70  9:19  Command Center  
  70  9:26  SCV x2  
  70  9:30  Terran Infantry Weapons Level 1  
  72  9:34  Marine x2  
  72  9:37  Marauder  
  76  9:38  SCV x2  
  76  9:41  Marauder  
  80  9:50  SCV  
  80  9:52  Marine x2  
  83  9:54  Refinery  
  83  9:56  Missile Turret  
  83  9:58  Marauder, Marine x2  
  87  10:03  Marauder  
  87  10:09  Marine  
  87  10:19  Marauder  
  89  10:24  Marauder  
  91  10:28  Missile Turret  
  89  10:41  Marauder  
  90  10:46  Marauder  
  86  10:52  Medivac x2  
  48  11:19  Marine  
  48  11:20  Marine x5  
  48  11:22  Viking  
  56  11:30  SCV  
  56  11:31  Starport  
  57  11:37  Marine  
  57  11:38  Marine  
  57  11:39  Viking  
  61  11:42  SCV  
  61  11:52  Viking  
  63  12:01  SCV, Armory  
  62  12:09  Viking  
  62  12:13  SCV  
  64  12:17  Starport Reactor  
  64  12:20  Widow Mine x2  
  64  12:22  Viking  
  70  12:25  SCV  
  59  12:39  Viking  
  52  12:52  Viking  
Tags
 
Add a new tag
Caveats
  • Supply blocks, unpowered buildings, or Contaminate may cause inaccurate times.
  • Supply counts are checked every 10 seconds.